 Dungeon Crawl Stone Soup version 0.27-a0-1105-g946c659c87 (webtiles) character file.

Game seed: 15743969912266821231

4 robertstho the Skirmisher (level 1, 0/18 HPs)
             Began as a Demonspawn Abyssal Knight on Apr 29, 2021.
             Was an Initiate of Lugonu.
             Slain by a kobold
             ... wielding a +0 short sword
              (3 damage)
             ... on level 1 of the Dungeon.
             The game lasted 00:00:21 (109 turns).

robertstho the Skirmisher (DsAK)                     Turns: 109, Time: 00:00:22

Health: 0/18       AC:  3    Str: 12    XL:     1   Next: 58%
Magic:  2/2        EV: 11    Int: 13    God:    Lugonu [......]
Gold:   0          SH:  0    Dex: 12    Spells: 0/0 levels left

rFire    . . .     SeeInvis .   a - +1 hand axe
rCold    . . .     Faith    .   (no shield)
rNeg     . . .     Spirit   .   b - +0 leather armour
rPois    .         Reflect  .   (no helmet)
rElec    .         Harm     .   (no cloak)
rCorr    .         Rampage  .   (no gloves)
Will     .....                  (no boots)
Stlth    +.........             (no amulet)
HPRegen  0.06/turn              (no ring)
MPRegen  0.08/turn              (no ring)

@: no status effects
A: no striking features
a: Renounce Religion


You were on level 1 of the Dungeon.
You worshipped Lugonu.
Lugonu was noncommittal.
You visited 1 branch of the dungeon, and saw 1 of its levels.
You visited the Abyss 1 time.

Inventory:

Hand Weapons
 a - a +1 hand axe (weapon)
Armour
 b - a +0 leather armour (worn)


   Skills:
 * Level 3.3 Fighting
 + Level 1.7 Axes
 * Level 1.8 Armour
 + Level 0.8 Dodging
 * Level 2.4 Invocations


You couldn't memorise any spells.
You didn't know any spells.
Your spell library was empty.

Dungeon Overview and Level Annotations

Branches:
Dungeon (1/15)

Altars:


Message History

You hit the kobold but do no damage. You hit the frilled lizard.
You kill the frilled lizard!
Lugonu accepts your kill. The kobold hits you but does no damage.
The kobold misses you.
You closely miss the kobold. x2; The kobold closely misses you. x2
The kobold hits you with a +0 club.
You slash the kobold!
You kill the kobold!
Lugonu accepts your kill.
You closely miss the kobold. The kobold barely misses you.
The ball python bites you. The ball python grabs you.
The ball python constricts you.
You closely miss the ball python. You miss the kobold.
You closely miss the ball python.
The ball python bites you but does no damage.
The kobold barely misses you. The ball python completely misses you.
The ball python constricts you. The ball python misses you.
You hit the ball python.
You kill the ball python!
Lugonu accepts your kill.
You hit the ball python. You barely miss the kobold.
The kobold hits you with a +0 short sword.
The ball python misses you. The ball python grabs you.
The ball python constricts you.
You are too injured to fight recklessly!
You escape the ball python's grasp.
The kobold hits you but does no damage.
You hit the kobold.
The kobold is severely wounded.
The kobold barely misses you. The kobold misses you.
You hit the kobold but do no damage.
The kobold is severely wounded.
The kobold hits you with a +0 short sword.
* * * LOW HITPOINT WARNING * * *
You barely miss the kobold.
The kobold is severely wounded.
The kobold barely misses you.
You hit the kobold but do no damage.
The kobold is severely wounded.
The kobold hits you with a +0 short sword.
You die...

#.## #..# ##.#
#.# # #.####.#
#.#.....#
##.###.####
#.# ##.#
###.###@##
####....#K###
#.......lr..#
..###.)†###..#
##.## #.# ...
.# .... #
#.... ......


You could see a kobold, a frilled lizard and a rat.

Vanquished Creatures
  A ball python (D:1)
  A quokka (D:1)
  A frilled lizard (D:1)
  A kobold (D:1)
  A rat (D:1)
5 creatures vanquished.

Notes
Turn   | Place    | Note
-------+----------+-------------------------------------------
     0 | Abyss:1  | robertstho the Demonspawn Abyssal Knight began the quest
                  | for the Orb.
     0 | Abyss:1  | Reached XP level 1. HP: 18/18 MP: 2/2
    34 | Abyss:1  | Noticed a small abomination
    35 | D:1      | Escaped the Abyss
   109 | D:1      | Slain by a kobold

Illustrated notes

Levels and vault maps discovered:
D:1:      lightli_arrival_statuegarden, layout_loops_ring, minivault_25,
          chequers_serial_rivers_small_a, minmay_three_crescents

Action                   || total
-------------------------++-------
Melee: Hand axe          ||    16
Invok: Depart the Abyss  ||     1
Armor: Leather armour    ||     3
Dodge: Dodged            ||    18

Table legend: (Time is in decaauts)
 A = Elapsed time spent in this place.
 B = Non-inter-level travel time spent in this place.
 C = Inter-level travel time spent in this place.
 D = Time resting spent in this place.
 E = Time spent auto-exploring this place.
 F = Levels seen in this place.
 G = Mean time per level.
                   A        B        C        D        E       F      G
               +--------+--------+--------+--------+--------+-----+--------+
         Total |    111 |    111 |      0 |      0 |     81 |   2 |   55.5 |
       Dungeon |     76 |     76 |      0 |      0 |     47 |   1 |   76.0 |
         Abyss |     35 |     35 |      0 |      0 |     34 |   1 |   35.0 |
               +--------+--------+--------+--------+--------+-----+--------+

Top non-repeatable levels by time:
     D:1: 76 daAuts
 Abyss:1: 35 daAuts
